 Dungeon Crawl Stone Soup version 0.29-a0-330-g52719c12eb (webtiles) character file.

Game seed: 948730064136511989

2699 Ajdolov the Spear-Bearer (level 9, 0/68 HPs)
             Began as a Barachi Ice Elementalist on Apr 19, 2022.
             Was a Priest of Cheibriados.
             Slain by a shadow (28 damage)
             ... on level 6 of the Dungeon.
             The game lasted 00:15:05 (7128 turns).

Ajdolov the Spear-Bearer (Barachi Ice Elementalist) Turns: 7128, Time: 00:15:05

Health: 0/68       AC: 18    Str: 19    XL:     9   Next: 65%
Magic:  10/16      EV: 11    Int: 27    God:    Cheibriados [***...]
Gold:   404        SH:  0    Dex: 20    Spells: 11/18 levels left

rFire   . . .      SeeInvis .   v - +2 spear (venom)
rCold   . . .      Faith    .   (no shield)
rNeg    . . .      Spirit   .   K - +4 ring mail {rPois}
rPois   +          Reflect  .   a - +2 helmet
rElec   .          Harm     .   (no cloak)
rCorr   .          Rampage  .   q - +0 pair of gloves
Will    .....                   F - +0 pair of boots
Stlth   ++........              (no amulet)
HPRegen 0.21/turn               (no ring)
MPRegen 0.15/turn               (no ring)

@: ice-armoured, freezing walls, very slow
A: amphibious, slowness 1, strong legs 1, +LOS
a: Hop, Renounce Religion, Bend Time, Temporal Distortion


You were on level 6 of the Dungeon.
You worshipped Cheibriados.
Cheibriados was most pleased with you.
You visited 1 branch of the dungeon, and saw 6 of its levels.

You collected 404 gold pieces.

Inventory:

Hand Weapons
 v - a +2 spear of venom (weapon)
Missiles
 C - a throwing net
 E - a curare-tipped dart
Armour
 a - a +2 helmet (worn)
 q - a +0 pair of gloves (worn)
 D - a +0 buckler
 F - a +0 pair of boots (worn)
 K - a +4 ring mail of poison resistance (worn)
Wands
 p - a wand of iceblast (3)
 y - a wand of digging (9)
 B - a wand of flame (27)
 J - a wand of acid (8)
Scrolls
 e - 2 scrolls of vulnerability {unknown}
 g - 5 scrolls of teleportation {unknown}
 h - a scroll of magic mapping {unknown}
 i - 4 scrolls of identify {unknown}
 k - 5 scrolls of enchant armour {unknown}
 l - 2 scrolls of amnesia {unknown}
 n - a scroll of enchant weapon {unknown}
 o - a scroll of holy word {unknown}
 r - a scroll of blinking {unknown}
 t - a scroll of brand weapon {unknown}
 w - 2 scrolls of fear {unknown}
 z - a scroll of torment {unknown}
 A - 3 scrolls of immolation {unknown}
 I - a scroll of fog {unknown}
Potions
 b - a potion of magic
 c - 3 potions of curing {unknown}
 d - 2 potions of degeneration {unknown}
 f - a potion of berserk rage {unknown}
 j - 2 potions of cancellation {unknown}
 m - 3 potions of haste {unknown}
 s - 4 potions of heal wounds {unknown}
 u - 2 potions of attraction {unknown}
 x - 2 potions of flight {unknown}
 H - a potion of lignification {unknown}


   Skills:
 - Level 5.0 Fighting
 * Level 10.8 Polearms
 - Level 2.1 Dodging
 - Level 1.7 Stealth
 - Level 5.0 Spellcasting
 - Level 6.0 Ice Magic


You had 11 spell levels left.
You knew the following spells:

 Your Spells              Type           Power      Damage    Failure   Level
a - Freeze                Ice            100%       1d11      1%          1
b - Frozen Ramparts       Ice            78%        1d9       3%          3
c - Ozocubu's Armour      Ice            39%        N/A       3%          3

Your spell library contained the following spells:

 Spells                   Type           Power      Damage    Failure   Level
 Foxfire                  Conj/Fire      24%        2x1d5     12%         1
 Corpse Rot               Necr/Air       12%        N/A       19%         2
 Poisonous Vapours        Pois/Air       12%        N/A       19%         2
 Hailstorm                Conj/Ice       23%        3d7       34%         4
 Conjure Flame            Conj/Fire      6%         6-21      36%         3
 Inner Flame              Hex/Fire       6%         N/A       36%         3
 Flame Wave               Conj/Fire      6%         2d5       77%         4


Dungeon Overview and Level Annotations

Branches:
Dungeon (6/15)
 Temple: D:4-7

Altars:
Ashenzari
Cheibriados
Elyvilon
Kikubaaqudgha
Okawaru
Trog

Shops:
D:6 =

Annotations:
D:4 Grinder


Innate Abilities, Weirdness & Mutations

You are amphibious.
You cover ground slowly.
You can hop short distances.
You have an extended range of vision and can be seen from far away.


Message History

Unknown command.
Casting: Ozocubu's Armour (dangerous; 3% risk of failure)
Confirm with . or Enter, or press ? or * to list all spells.
A film of ice covers your body!
The shadow strikes at you from the darkness!
Reactivating autopickup.
You hit the shadow.
The shadow is severely damaged.
The shadow slips into darkness.
The shadow flickers and vanishes!
Deactivating autopickup; reactivate with Ctrl-A.
Your icy armour will break if you move.
Continue? [Y]es or [N]o only, please.
Your icy armour will break if you move.
Continue?
Okay, then.
Your icy armour will break if you move.
Continue? [Y]es or [N]o only, please.
Your icy armour will break if you move.
Continue?
Okay, then.
The shadow strikes at you from the darkness!
Reactivating autopickup.
A manticore comes into view.
You barely miss the shadow.
The shadow is severely damaged.
Unknown command.
You barely miss the shadow.
The shadow is severely damaged.
The shadow slips into darkness.
The shadow flickers and vanishes!
Deactivating autopickup; reactivate with Ctrl-A.
An orc comes into view. It is wielding a +0 club.
Unknown command.
Casting: Ozocubu's Armour (dangerous; 3% risk of failure)
Confirm with . or Enter, or press ? or * to list all spells.
Casting: Frozen Ramparts (dangerous; 3% risk of failure)
Press: ? - help, Dir - look around, f - activate The walls around you are covered in ice.
The wall freezes something but does no damage.
The shadow strikes at you from the darkness!
You die...

.#..........##...####.#
....##)...#.##..## #.#
##...))........##########
##.###.#.##.##..........#
##.#
#.#.##....#.#.#.##..#
..............######.#
#...####.#..##.#.#.#.##
.... ...#..##.##.#.##
#... # ###..##.#@#### ##.
...##.##{# ##..#### H#
#... .o ##. ###


You could see a manticore and an orc.

Vanquished Creatures
  Pikel (D:5)
  4 vampire mosquitoes (D:5)
  Edmund (D:4)
  A sky beast (D:6)
  2 ogres (D:5)
  A lemure (D:5)
  A phantom (D:5)
  A kobold brigand (D:4)
  2 bullfrogs
  3 scorpions
  A howler monkey (D:4)
  2 jellies
  An orc priest (D:4)
  4 hounds
  3 gnoll shamans
  5 iguanas
  An orc wizard (D:5)
  19 gnolls
  13 adders
  A white imp (D:6)
  2 worms
  5 dart slugs
  32 orcs
  3 bat zombies (D:5)
  3 endoplasms
  2 giant cockroaches
  7 goblins
  9 hobgoblins
  17 jackals
  7 kobolds
  3 quokkas
  9 ball pythons
  7 bats
  6 frilled lizards
  6 rats
185 creatures vanquished.

Vanquished Creatures (others)
  A plant (D:4)
1 creature vanquished.

Grand Total: 186 creatures vanquished

Notes
Turn   | Place    | Note
-------+----------+-------------------------------------------
     0 | D:1      | Ajdolov the Barachi Ice Elementalist began the quest for
                  | the Orb.
     0 | D:1      | Reached XP level 1. HP: 13/13 MP: 3/3
    78 | D:1      | Reached skill level 5 in Ice Magic
   278 | D:1      | Reached XP level 2. HP: 19/19 MP: 3/5
   916 | D:1      | Found a faded altar of an unknown god.
   922 | D:1      | Reached XP level 3. HP: 24/24 MP: 4/6
  1072 | D:1      | Learned a level 3 spell: Frozen Ramparts
  1383 | D:2      | Reached skill level 1 in Fighting
  1390 | D:2      | Learned a level 3 spell: Ozocubu's Armour
  1435 | D:2      | Reached XP level 4. HP: 25/32 MP: 8/8
  1901 | D:2      | Found an iron altar of Okawaru.
  2346 | D:3      | Reached XP level 5. HP: 36/38 MP: 3/10
  2578 | D:3      | Found a white marble altar of Elyvilon.
  2988 | D:3      | Found a bloodstained altar of Trog.
  3530 | D:4      | Noticed Edmund
  3734 | D:4      | Reached skill level 1 in Polearms
  3734 | D:4      | Reached XP level 6. HP: 45/47 MP: 8/13
  3882 | D:4      | Reached skill level 2 in Polearms
  3882 | D:4      | Reached skill level 5 in Spellcasting
  3942 | D:4      | Reached XP level 7. HP: 47/53 MP: 10/14
  4009 | D:4      | Found a broken altar of Ashenzari.
  4017 | D:4      | Found a snail-covered altar of Cheibriados.
  4027 | D:4      | Noticed Grinder
  4029 | D:4      | Became a worshipper of Cheibriados the Contemplative
  4340 | D:4      | Reached skill level 3 in Polearms
  4592 | D:4      | Reached * piety under Cheibriados
  4595 | D:4      | Killed Edmund
  4653 | D:4      | Reached skill level 4 in Polearms
  4681 | D:4      | Reached skill level 5 in Fighting
  4827 | D:4      | Reached skill level 5 in Polearms
  4830 | D:4      | Reached XP level 8. HP: 56/62 MP: 15/15
  4930 | D:4      | Reached ** piety under Cheibriados
  5294 | D:5      | Entered Level 5 of the Dungeon
  5586 | D:5      | Reached skill level 6 in Polearms
  5997 | D:5      | Reached skill level 7 in Polearms
  6158 | D:5      | Noticed Pikel
  6171 | D:5      | Killed Pikel
  6172 | D:5      | Reached skill level 9 in Polearms
  6172 | D:5      | Reached XP level 9. HP: 60/68 MP: 7/16
  6321 | D:5      | Reached *** piety under Cheibriados
  6332 | D:5      | Reached skill level 10 in Polearms
  6507 | D:5      | Found an ancient bone altar of Kikubaaqudgha.
  7086 | D:6      | Found Jeetixt Vuni's Jewellery Boutique.
  7125 | D:6      | Noticed a manticore
  7128 | D:6      | Slain by a shadow

Illustrated notes

Levels and vault maps discovered:
D:1:      minmay_arrival_five_plusses, layout_loops_ring,
          dilly_ecumenical_altar_fadedgnrine, kennysheep_minor_cross,
          hangedman_decor_push, palyth_stone_intersect
D:2:      layout_loops_ring, basic_altar, grunt_decor_arrowhead, minmay_3d_cube
D:3:      layout_rooms, lemuel_round_altar, elyvilon_altar_3
D:4:      lemuel_castle_with_subvaults [lemuel_castle_interior_carwin_3],
          layout_gridville, lemuel_crystal_altar,
          nicolae_overflow_hidden_temple, uniq_edmund, uniq_grinder
D:5:      layout_basic, lemuel_zombie_altar_kikubaaqudgha,
          kennysheep_opposing_triangles, uniq_pikel
D:6:      layout_loops_ring, serial_shops, shop, minmay_small_thing

Skill      XL: |  1  2  3  4  5  6  7  8  9 |
---------------+----------------------------+-----
Ice Magic      | 5 6 |  6.0
Fighting       | 1 2 3 5 |  5.0
Spellcasting   | 3 4 5 |  5.0
Polearms       | 1 2 5 9 10 | 10.8
Dodging        | |  2.1
Stealth        | |  1.7

Action                   |  1- 3 |  4- 6 |  7- 9 || total
-------------------------+-------+-------+-------++-------
Melee: Unarmed           |     4 |       |       ||     4
       Punch             |     1 |     2 |     7 ||    10
       Dagger            |    20 |    40 |       ||    60
       Spear             |       |    88 |   297 ||   385
 Cast: Freeze            |    26 |     1 |       ||    27
       Frozen Ramparts   |     3 |    20 |    26 ||    49
       Ozocubu's Armour  |       |       |     7 ||     7
 Abil: Hop               |     1 |     2 |     2 ||     5
Evoke: Wand              |       |     2 |       ||     2
 Stab: Sleeping          |       |     4 |     2 ||     6
Armor: Robe              |    13 |    15 |       ||    28
       Leather armour    |       |    13 |    38 ||    51
       Ring mail         |       |       |    41 ||    41
Dodge: Dodged            |    32 |    60 |   109 ||   201

Table legend: (Time is in decaauts)
 A = Elapsed time spent in this place.
 B = Non-inter-level travel time spent in this place.
 C = Inter-level travel time spent in this place.
 D = Time resting spent in this place.
 E = Time spent auto-exploring this place.
 F = Levels seen in this place.
 G = Mean time per level.
                   A        B        C        D        E       F      G
               +--------+--------+--------+--------+--------+-----+--------+
         Total |   8709 |   8419 |    290 |    110 |   6620 |   6 | 1451.5 |
       Dungeon |   8709 |   8419 |    290 |    110 |   6620 |   6 | 1451.5 |
               +--------+--------+--------+--------+--------+-----+--------+

Top non-repeatable levels by time:
     D:5: 2297 daAuts
     D:4: 2264 daAuts
     D:3: 1339 daAuts
     D:1: 1263 daAuts
     D:2: 1244 daAuts
     D:6: 300 daAuts
